Map: Dusk Towers

Players

Miszu - Winner!

  • Race: Terran Terran
  • League: Master

IIIIIIIIIIII

  • Race: Protoss Protoss
  • League: Master

VOD

Have the link to the VOD?

Description

Time

  • Played on: July 4, 2016, 6:17 p.m.
  • Length: 11:24
Show
View Real Time Build Order
Export as new Build Order

Miszu Terran - Winner!

Build Orders: Reaper Expand, MMM Bio 

Get SALT Encoding   

  12  0:00  SCV  
  13  0:12  SCV  
  14  0:17  Supply Depot  
  14  0:25  SCV  
  15  0:39  SCV  
  15  0:40  Barracks  
  16  0:44  Refinery  
  16  0:51  SCV  
  17  1:03  SCV  
  18  1:15  SCV  
  19  1:28  Reaper  
  19  1:30  Orbital Command  
  20  1:41  Command Center  
  20  1:54  Supply Depot  
  20  1:55  SCV  
  21  2:06  Barracks Reactor  
  21  2:07  SCV  
  22  2:11  Refinery  
  22  2:20  SCV  
  23  2:23  Factory  
  23  2:32  SCV  
  23  2:42  Marine x2  
  23  2:44  SCV  
  26  2:56  SCV, Orbital Command  
  27  3:00  Marine x2  
  29  3:07  Factory Tech Lab  
  29  3:08  Starport, SCV  
  30  3:14  Supply Depot  
  30  3:18  Marine x2  
  32  3:20  SCV  
  32  3:25  Widow Mine  
  32  3:27  SCV  
  36  3:32  SCV  
  37  3:36  Marine x2  
  37  3:39  SCV  
  40  3:44  Command Center, SCV  
  40  3:47  Medivac  
  43  3:52  SCV  
  44  3:56  SCV  
  44  3:59  Siege Tank  
  48  4:04  SCV  
  48  4:05  Supply Depot  
  48  4:09  Liberator  
  49  4:13  SCV  
  49  4:15  Marine x2  
  49  4:16  SCV  
  53  4:25  SCV  
  53  4:27  Supply Depot  
  57  4:34  Siege Tank, Barracks  
  57  4:35  Barracks  
  57  4:36  SCV  
  57  4:37  SCV  
  62  4:49  Marine x2, SCV  
  62  4:51  Refinery x2  
  62  4:52  Engineering Bay  
  65  4:53  SCV  
  66  5:01  SCV  
  64  5:10  Marine  
  64  5:12  Orbital Command  
  64  5:14  SCV x2  
  61  5:16  Marine  
  61  5:18  Terran Infantry Weapons Level 1  
  61  5:20  Engineering Bay, Missile Turret  
  61  5:22  Missile Turret  
  61  5:25  Starport Reactor, Barracks Tech Lab x2  
  61  5:26  Siege Tank  
  64  5:28  SCV  
  64  5:30  SCV  
  66  5:36  Marine  
  66  5:37  Marine  
  66  5:38  Supply Depot  
  66  5:41  SCV  
  66  5:42  Orbital Command  
  69  5:44  Stimpack  
  69  5:46  Combat Shields  
  69  5:47  Marine  
  69  5:48  Marine  
  71  5:53  SCV x2  
  71  5:54  Supply Depot, Marine  
  74  6:07  SCV x3, Missile Turret  
  76  6:11  Supply Depot, Terran Infantry Armor Level 1  
  76  6:18  Marine x4  
  76  6:19  Medivac, SCV x2  
  76  6:21  SCV  
  76  6:23  Missile Turret  
  85  6:31  SCV x2  
  87  6:35  Barracks, Armory  
  87  6:37  Barracks  
  87  6:39  Siege Tank, SCV  
  91  6:46  Marine x3  
  91  6:47  Marine  
  94  6:48  Medivac  
  94  6:50  Medivac  
  94  6:53  SCV x2  
  101  6:55  SCV  
  102  7:02  Supply Depot  
  102  7:04  Marine x3  
  102  7:05  SCV x2  
  102  7:08  Supply Depot, Marine  
  108  7:12  SCV  
  109  7:20  Refinery x2  
  109  7:23  Marine x3, Siege Tank  
  109  7:24  Supply Depot  
  109  7:25  SCV x2  
  109  7:26  Supply Depot  
  109  7:29  Marine, SCV  
  119  7:32  Barracks Reactor  
  119  7:33  Barracks Reactor, Supply Depot  
  119  7:37  SCV x2  
  119  7:38  Supply Depot  
  119  7:41  Marine x3  
  119  7:42  SCV  
  125  7:45  Medivac x2  
  125  7:47  Marine  
  125  7:50  Supply Depot  
  130  7:52  Terran Infantry Weapons Level 2  
  130  7:59  Marine x3  
  133  8:08  Marine  
  133  8:09  Marine x4, Command Center  
  138  8:12  Terran Infantry Armor Level 2  
  138  8:17  Marine  
  138  8:19  Supply Depot  
  139  8:20  Supply Depot  
  103  8:35  Marauder x2  
  98  8:42  SCV x3  
  97  8:54  SCV x3  
  99  8:56  Marauder  
  99  8:58  Marine x2  
  99  8:59  Marine x4, Marauder  
  109  9:06  SCV x3  
  109  9:09  Liberator x2  
  112  9:16  Marine x2  
  112  9:17  Marine x5  
  114  9:18  SCV  
  114  9:19  Marine  
  114  9:21  SCV  
  114  9:22  Barracks  
  114  9:23  Barracks x2  
  128  9:34  Marine x6  
  128  9:35  Marine  
  128  9:37  Marine  
  128  9:38  SCV x3  
  139  9:50  SCV  
  139  9:52  Marine x7  
  142  9:55  Marine  
  142  9:56  Ghost Academy  
  142  9:58  Starport  
  148  10:01  Fusion Core  
  143  10:07  Planetary Fortress  
  143  10:08  SCV  
  143  10:09  Marine  
  143  10:14  SCV, Liberator x2  
  140  10:16  SCV  
  140  10:19  Barracks Tech Lab x2  
  141  10:33  Ghost x2  
  141  10:34  Barracks Tech Lab  
  151  10:39  SCV x2  
  151  10:42  SCV  
  149  10:51  Starport Tech Lab, SCV x2  
  149  10:54  SCV  
Show
View Real Time Build Order
Export as new Build Order

IIIIIIIIIIII Protoss 

Build Orders: 1 Gate Expand, Phoenix Opening 

Get SALT Encoding   

  12  0:01  Probe (Chrono Boost)  
  13  0:11  Probe (Chrono Boost)  
  14  0:19  Pylon  
  14  0:22  Probe (Chrono Boost)  
  15  0:37  Gateway, Probe (Chrono Boost)  
  16  0:44  Assimilator  
  16  0:48  Probe (Chrono Boost)  
  17  0:58  Probe (Chrono Boost)  
  18  1:09  Probe (Chrono Boost)  
  19  1:20  Nexus  
  19  1:32  Cybernetics Core, Probe (Chrono Boost)  
  20  1:41  Assimilator  
  20  1:42  Probe (Chrono Boost)  
  21  1:48  Pylon  
  21  1:53  Probe (Chrono Boost)  
  21  2:10  Mothership Core (Chrono Boost)  
  23  2:16  Adept  
  25  2:28  Probe (Chrono Boost)  
  26  2:38  Probe (Chrono Boost)  
  26  2:40  Probe (Chrono Boost)  
  26  2:44  Stargate  
  28  2:47  Adept  
  28  2:49  Probe (Chrono Boost)  
  28  2:50  Probe (Chrono Boost)  
  32  2:59  Probe (Chrono Boost)  
  32  3:04  Gateway, Warp Gate (Chrono Boost)  
  32  3:05  Gateway  
  33  3:06  Probe  
  33  3:11  Probe  
  35  3:14  Pylon  
  35  3:17  Probe  
  36  3:23  Probe  
  37  3:27  Probe  
  37  3:28  Phoenix (Chrono Boost)  
  40  3:35  Probe  
  40  3:39  Probe  
  42  3:47  Probe  
  43  3:48  Phoenix  
  43  3:49  Pylon  
  43  3:52  Adept  
  47  3:56  Probe  
  47  3:59  Probe  
  49  4:08  Probe  
  50  4:10  Phoenix  
  50  4:11  Probe  
  50  4:13  Assimilator  
  53  4:17  Robotics Facility  
  53  4:20  Probe  
  53  4:23  Probe  
  55  4:24  Adept  
  57  4:32  Probe  
  57  4:35  Probe  
  57  4:37  Phoenix  
  61  4:52  Probe  
  62  4:53  Pylon  
  62  4:57  Pylon  
  62  5:05  Probe  
  61  5:10  Probe  
  62  5:15  Observer (Chrono Boost)  
  62  5:18  Adept x3, Probe  
  70  5:23  Nexus  
  70  5:26  Assimilator  
  70  5:33  Forge  
  70  5:34  Twilight Council  
  70  5:37  Phoenix  
  70  5:41  Probe x2  
  74  5:45  Warp Prism (Chrono Boost)  
  76  5:53  Probe  
  76  5:54  Protoss Ground Weapons Level 1  
  77  5:58  Pylon  
  77  6:11  Resonating Glaives (Chrono Boost)  
  77  6:16  Gateway x2, Phoenix  
  79  6:22  Probe  
  79  6:23  Probe  
  81  6:31  Gateway x2  
  81  6:36  Probe x2  
  83  6:40  Adept x3  
  83  6:41  Phoenix  
  83  6:42  Probe  
  92  6:48  Pylon  
  92  6:51  Gateway  
  92  6:52  Pylon  
  92  6:54  Probe  
  93  6:56  Probe  
  94  7:13  Adept x3  
  100  7:17  Warp Prism  
  100  7:19  Adept x2  
  105  7:29  Adept x2  
  109  7:33  Pylon x2  
  109  7:41  Adept  
  109  7:42  Adept x3  
  117  7:50  Pylon  
  117  7:51  Adept x4, Pylon  
  117  7:53  Pylon  
  125  8:09  Adept x2  
  125  8:10  Adept x2  
  125  8:12  Adept x4  
  103  8:36  Probe x2  
  103  8:40  Probe  
  103  8:41  Adept x6  
  94  8:42  Adept x2  
  94  8:45  Protoss Ground Weapons Level 2  
  94  8:48  Probe x2  
  100  8:50  Blink (Chrono Boost)  
  100  8:52  Probe  
  89  8:59  Assimilator  
  88  9:03  Assimilator  
  90  9:15  Sentry x3  
  90  9:16  Adept x5  
  103  9:26  Immortal (Chrono Boost)  
  107  9:33  Nexus  
  107  9:36  Adept x2  
  107  9:37  Adept x2  
  115  9:54  Stalker x2  
  115  9:59  Templar Archives  
  119  10:01  Immortal (Chrono Boost)  
  115  10:19  Pylon, Stalker x2  
  115  10:20  Stalker x3  
  125  10:32  Immortal (Chrono Boost)  
  127  10:52  Assimilator  
  127  10:58  High Templar x2, Assimilator  
  127  10:59  High Templar  
  127  11:00  High Templar, Adept  
  127  11:01  Adept x3  
  143  11:06  Pylon  
  143  11:10  Pylon  
  147  11:12  Pylon  
Tags
 
Add a new tag
Caveats
  • Supply blocks, unpowered buildings, or Contaminate may cause inaccurate times.
  • Supply counts are checked every 10 seconds.